woodfighter, neutral male human Healer ------------ |..........| #..>.*...%..| #|..........| #------.----- ### ####### # # # ## -----------# -------.---- |aaaa?@u...# |..........| |aaaaaf.%%| |.....)..<.| |aaaa%.%..| |........... ----------- ------------ woodfighter the Embalmer Experience level: 9 Strength: 16 Dexterity: 12 Constitution: 17 Intelligence: 10 Wisdom: 19 Charisma: 16 Health: 0(72) Energy: 81(81) Def: 7 Gold: 3 Moves: 16499 Dungeon seed: 0UeSlRZNjnYulEkT Game ID: woodfighter_1509875427 Your Inventory: Coins $ - 3 gold pieces Amulets V - an uncursed amulet of ESP (being worn) Weapons a - a blessed +1 dwarvish spear (weapon in hand) c - 31 +2 darts (in quiver) Armor e - an uncursed +1 pair of leather gloves (being worn) j - an uncursed +0 pair of water walking boots (being worn) B - an uncursed +1 dwarvish cloak (being worn) Comestibles h - an uncursed pancake k - 8 blessed eucalyptus leaves l - 3 blessed sprigs of wolfsbane m - an uncursed sprig of wolfsbane r - an uncursed tin of floating eye meat t - an uncursed food ration z - 3 uncursed tripe rations E - 4 uncursed magic beans S - 2 uncursed lembas wafers X - an uncursed apple Z - 2 uncursed lizard corpses Rings v - an uncursed ring of free action (on left hand) R - an uncursed ring of shock resistance (on right hand) Wands d - a wand of digging (0:3) K - a wand of make invisible (0:4) Y - a wand of light (0:13) Tools b - an uncursed stethoscope i - a +0 unicorn horn o - a +0 unicorn horn q - a +0 unicorn horn s - an uncursed sack w - an uncursed magic whistle y - an uncursed skeleton key L - an uncursed blindfold T - an uncursed brass lantern (0:1348) Gems n - an uncursed luckstone Contents of the sack: 1104 gold pieces an uncursed +0 mummy wrapping an uncursed lizard corpse a cursed scroll of earth an uncursed scroll of identify a [uncursed] scroll of teleportation an uncursed spellbook of sleep a [uncursed] potion of gain energy an uncursed potion of gain level an uncursed ring of poison resistance an uncursed ring of teleport control an uncursed wand of death [0:5] an uncursed [+0] pick-axe an uncursed [+0] unicorn horn Spells and supernatural/magical abilities: Name Level Category Fail Memory h - healing 1 healing 0% 18% x - extra healing 3 healing 14% 18% S - stone to flesh 3 healing 30% 18% W - pray for help -- divine ? -- Your skills at the end: Miscellaneous Skills wands [Basic] Weapon Skills knife [Basic] spear [Basic] Spellcasting Skills healing spells [Basic] Final Attributes: You were devoutly aligned. You were fire resistant. You were cold resistant. You were shock resistant. You were poison resistant. You saw invisible. You were telepathic. You were invisible to others. You were very stealthy. You could walk on water. You were protected. You had free action. You were lucky. You had extra luck. Bad luck did not time out for you. Good luck did not time out for you. You are dead. Vanquished creatures: 2 giant mimics a large mimic a wumpus a baby long worm a stalker 2 winter wolves a small mimic a xan 2 pyrolisks a freezing sphere 2 tigers a dwarf king a tengu a gelatinous cube a crocodile a leocrotta an ettin zombie a giant beetle a cockatrice 4 wolves a winter wolf cub a black light a lynx a leprechaun a quivering blob 3 lizards 2 orc-captains a horse 3 gnome kings an orc mummy an ogre a Green-elf 2 owlbears 2 yetis 2 gold golems 2 jaguars 4 dwarf lords 2 blue jellies 4 black unicorns 3 dust vortices 2 ravens 3 snakes an ape 5 human zombies a rope golem a soldier ant a fire ant a yellow light an imp a wood nymph 8 Mordor orcs 13 Uruk-hai 14 orc shamans a rock mole 2 rock piercers 2 ponies 2 fog clouds 2 shriekers 3 violet fungi 12 gnome lords 5 gnomish wizards 4 kobold mummies 3 black naga hatchlings a guardian naga hatchling 3 elf zombies 2 paper golems 7 giant ants 6 puppies a floating eye 24 dwarves 2 homunculi 2 kobold lords a kobold shaman 6 iguanas 28 hill orcs 4 rothes 3 rabid rats 3 centipedes 3 jitterbugs 2 giant bats 2 monkeys 3 orc zombies 7 dwarf zombies 3 wererats a werejackal 13 killer bees 9 coyotes a gas spore 5 hobbits an acid blob a large kobold 8 geckos 8 hobgoblins 9 giant rats a cave spider 3 brown molds a yellow mold 3 green molds 2 red molds 57 gnomes 8 garter snakes 10 manes 2 gnome zombies 13 jackals 4 foxes 4 kobolds 5 newts 18 goblins 10 sewer rats 12 grid bugs 11 lichens 7 kobold zombies 493 creatures vanquished. Voluntary challenges: You did not cause conflict. You did not have reflection. You were not displaced. You had been an atheist until turn 2742. You used a wielded weapon 937 times, starting on turn 103. You did not use plumbed fixtures. You read items or engraved 4 times, starting on turn 1256. You never genocided any monsters. You never polymorphed an object. You changed form 1 time, starting on turn 10553. You cheated 1 time but completed Sokoban on turn 5774. You used no wishes. You never split a pudding. You never wrote Elbereth's name. You never violated your personal moral code. Dungeon overview: The Dungeons of Doom: levels 1 to 13 Level 1 a fountain a long staircase Level 2 (stash) a fountain stairs to The Gnomish Mines Level 3 an armor shop Level 4 an armor shop, a fountain, a sink Level 5 many fountains Level 6 (vault + box) stairs to Sokoban Level 7 Level 8 Level 9 a fountain Level 10 a fountain Level 11 an altar to Poseidon Level 12 <- You were here Level 13 (big room) The Gnomish Mines: levels 3 to 11 Level 3 stairs to The Dungeons of Doom Level 4 Level 5 Level 6 many shops, a temple to Poseidon, a magic chest, some fountains Level 7 Level 8 Level 9 Level 10 Level 11 many altars to Moloch, a magic chest, some fountains Sokoban: levels 2 to 5 Level 2 a magic chest Level 3 Level 4 a fountain Level 5 a magic chest stairs to The Dungeons of Doom History has recorded: On T:1 you entered the Dungeons of Doom to retrieve the Amulet of Yendor! On T:395 you reached level 2 of The Dungeons of Doom. On T:458 you reached level 1 of The Gnomish Mines. On T:560 you reached level 3 of The Dungeons of Doom. On T:617 you advanced to experience level 2. On T:1029 you reached level 4 of The Dungeons of Doom. On T:1292 you advanced to experience level 3. On T:1295 you reached level 5 of The Dungeons of Doom. On T:1453 you advanced to experience level 4. On T:1766 you reached level 6 of The Dungeons of Doom. On T:2004 you advanced to experience level 5. On T:2234 you reached level 7 of The Dungeons of Doom. On T:2492 you reached level 4 of Sokoban. On T:2556 you opened a magic chest. On T:2742 you prayed to Hermes. On T:2980 you advanced to experience level 6. On T:3025 you reached level 3 of Sokoban. On T:3798 you reached level 2 of Sokoban. On T:4717 you reached level 1 of Sokoban. On T:5774 you entered the Sokoban zoo. On T:5913 you advanced to experience level 7. On T:6850 you reached level 2 of The Gnomish Mines. On T:7336 you reached level 3 of The Gnomish Mines. On T:8329 you reached level 4 of The Gnomish Mines. On T:8554 you reached level 5 of The Gnomish Mines. On T:8725 you entered the Minetown temple On T:9346 you prayed to Hermes. On T:9782 you advanced to experience level 8. On T:10398 you reached level 6 of The Gnomish Mines. On T:10663 you reached level 7 of The Gnomish Mines. On T:10773 you prayed to Hermes. On T:11510 you reached level 8 of The Gnomish Mines. On T:12021 you reached level 9 of The Gnomish Mines. On T:12021 you reached the bottom of the Mines. On T:13199 you advanced to experience level 9. On T:13320 you prayed to Hermes. On T:14571 you reached level 8 of The Dungeons of Doom. On T:14835 you reached level 9 of The Dungeons of Doom. On T:15222 you reached level 10 of The Dungeons of Doom. On T:15917 you reached level 11 of The Dungeons of Doom. On T:16267 you reached level 12 of The Dungeons of Doom. On T:16442 you reached level 13 of The Dungeons of Doom. Score breakdown: Gold: 0 ( 0 points) Experience: 9 levels ( 800 points) Exploration: 13 levels ( 360 points) Discoveries: 38 items ( 1900 points) Variety of kills: 112 monsters ( 2000 points) Major goal: Sokoban/Mines ( 1500 points) Survival: died (score multiplied by 3) Total score: 19680 Latest messages: The warhorse bites the killer bee. The killer bee misses the warhorse. (2x) The queen bee stings! You jab the queen bee. The queen bee is moderately wounded. The warhorse picks up a killer bee corpse. The warhorse kicks the killer bee. The killer bee is killed! Kitty drops a killer bee corpse. The queen bee stings! (2x) You miss the queen bee. The queen bee stings! (2x) You jab the queen bee. The queen bee is moderately wounded. Kitty misses the queen bee. The queen bee stings! (2x) You miss the queen bee. Kitty misses the queen bee. The queen bee stings! The warhorse drops a killer bee corpse. The queen bee stings! You jab the queen bee. The queen bee is heavily wounded. Kitty bites the queen bee. The queen bee misses kitty. The queen bee stings! (2x) You die... Final status: Goodbye woodfighter the Healer, killed by a queen bee... You died in The Dungeons of Doom on dungeon level 12 with 19680 points, and 1107 pieces of gold, after 16499 moves. You were level 9 with a maximum of 72 hit points when you died.